 Dungeon Crawl Stone Soup version 0.28-a0-535-g6f645e4c1d (webtiles) character file.

Game seed: 8275399844430003748

16 ytrimaz the Skirmisher (level 2, 0/24 HPs)
             Began as a Demonspawn Monk on Sept 27, 2021.
             Slain by Robin (2 damage)
             ... on level 2 of the Dungeon.
             The game lasted 00:01:12 (1233 turns).

ytrimaz the Skirmisher (Demonspawn Monk)            Turns: 1233, Time: 00:01:12

Health: 0/24       AC:  3    Str: 11    XL:     2   Next: 37%
Magic:  2/2        EV: 13    Int: 11    God:
Gold:   43         SH:  0    Dex: 15    Spells: 1/1 levels left

rFire   . . .      SeeInvis .     - Unarmed
rCold   . . .      Faith    .   (no shield)
rNeg    . . .      Spirit   .   a - +0 robe
rPois   .          Reflect  .   (no helmet)
rElec   .          Harm     .   (no cloak)
rCorr   +          Rampage  .   (no gloves)
Will    .....                   g - +0 pair of boots
Stlth   ++........              (no amulet)
HPRegen 0.08/turn               h - ring of resist corrosion
MPRegen 0.16/turn               (no ring)

@: no status effects
A: magic regeneration
a: no special abilities


You were on level 2 of the Dungeon.
You visited 1 branch of the dungeon, and saw 2 of its levels.

You collected 43 gold pieces.

Inventory:

Armour
 a - a +0 robe (worn)
 f - a +0 buckler
 g - a +0 pair of boots (worn)
Jewellery
 h - a ring of resist corrosion (left hand)
Scrolls
 b - a scroll of magic mapping {unknown}
 c - a scroll of fog {unknown}
 d - a scroll of brand weapon {unknown}
 i - a scroll of fear {unknown}
Potions
 e - 2 potions of resistance {unknown}
 j - a potion of curing {unknown}


   Skills:
 * Level 3.3 Fighting
 + Level 2.8 Dodging
 - Level 1.7 Stealth
 * Level 3.1 Unarmed Combat


You had one spell level left.
You didn't know any spells.
Your spell library was empty.

Dungeon Overview and Level Annotations

Branches:
Dungeon (2/15)

Altars:

Annotations:
D:2 Robin


Innate Abilities, Weirdness & Mutations

You regenerate magic rapidly.


Message History

You now have 43 gold pieces (gained 15).
HP restored.
You see here a hobgoblin corpse.
Found a stone staircase leading down. 2 goblins, a hobgoblin and Robin come into view.
Found an escape hatch in the floor.
The goblin shouts!
The hobgoblin shouts!
Robin shouts!
You hear a shout!
Robin roars a battlecry!
The goblins go into a battle-frenzy!
There are monsters nearby!
There are monsters nearby!
A goblin comes into view. It is wielding a +0 club.
The goblin shouts!
The goblin shouts!
You hit the hobgoblin but do no damage. The hobgoblin hits you.
You hit the hobgoblin.
The hobgoblin is almost dead.
The hobgoblin hits you. Robin throws the goblin at you!
You hit the hobgoblin.
You kill the hobgoblin!
The goblin hits you with a +0 club.
A goblin comes into view. It is wielding a +0 club.
The goblin misses you.
You barely miss the goblin. The goblin barely misses you.
The goblin hits you with a +0 club.
* * * LOW HITPOINT WARNING * * *
You barely miss the goblin. The goblin misses you.
The goblin barely misses you.
Robin says, "Bow before me, strongest of all the hobgoblins!"
You hit the goblin.
You kill the goblin!
The goblin closely misses you. Robin throws the goblin at you!
You hit the goblin.
You kill the goblin!
The goblin hits you with a +0 club.
* * * LOW HITPOINT WARNING * * *
The goblin closely misses you. Robin hits you with a +0 dagger.
You die...

..... ..# #..#
.#### ##.## ...
#..# .#... ##.#
..... #.## #.
#..# ##.##
#########..##...
.....>g@gg......#
##########..#.#.#
#.# # .# .# .. .


You could see Robin and 2 goblins.

Vanquished Creatures
  An endoplasm (D:1)
  2 giant cockroaches (D:1)
  3 goblins
  2 hobgoblins (D:2)
  3 bats (D:1)
  2 frilled lizards (D:1)
  A kobold (D:1)
  A rat (D:1)
15 creatures vanquished.

Notes
Turn   | Place    | Note
-------+----------+-------------------------------------------
     0 | D:1      | ytrimaz the Demonspawn Monk began the quest for the Orb.
     0 | D:1      | Reached XP level 1. HP: 18/18 MP: 1/1
   816 | D:1      | Gained mutation: You regenerate magic rapidly. [demonic
                  | ancestry]
   816 | D:1      | Reached XP level 2. HP: 22/24 MP: 2/2
  1222 | D:2      | Noticed Robin
  1233 | D:2      | Slain by Robin

Illustrated notes

Levels and vault maps discovered:
D:1:      giann_wishing_wells, layout_basic
D:2:      layout_basic, shapermc_ecumenical_altar_flowoftime, uniq_robin

Skill      XL: |  1  2 |
---------------+-------+-----
Unarmed Combat | 3 |  3.1
Fighting       | |  3.3
Dodging        | |  2.8
Stealth        | |  1.7

Action                   || total
-------------------------++-------
Melee: Unarmed           ||    59
       Punch             ||     1
Armor: Robe              ||    19
Dodge: Dodged            ||    57

Table legend: (Time is in decaauts)
 A = Elapsed time spent in this place.
 B = Non-inter-level travel time spent in this place.
 C = Inter-level travel time spent in this place.
 D = Time resting spent in this place.
 E = Time spent auto-exploring this place.
 F = Levels seen in this place.
 G = Mean time per level.
                   A        B        C        D        E       F      G
               +--------+--------+--------+--------+--------+-----+--------+
         Total |   1229 |   1215 |     14 |    333 |    674 |   2 |  614.5 |
       Dungeon |   1229 |   1215 |     14 |    333 |    674 |   2 |  614.5 |
               +--------+--------+--------+--------+--------+-----+--------+

Top non-repeatable levels by time:
     D:1: 1132 daAuts
     D:2: 96 daAuts
